 Dungeon Crawl Stone Soup version 0.25-a0-701-gb30f108f01 (webtiles) character file.

Game seed: 8821200867698054846, levelgen mode: deterministic

6 Amnesiac the Magician (level 1, 0/10 HPs)
             Began as a Deep Elf Wizard on Apr 4, 2020.
             Slain by a kobold (2 damage)
             ... on level 2 of the Dungeon.
             The game lasted 00:01:13 (295 turns).

Amnesiac the Magician (Deep Elf Wizard)              Turns: 295, Time: 00:01:14

Health: 0/10       AC:  2    Str:  4    XL:     1   Next: 75%
Magic:  6/8        EV: 13    Int: 22    God:
Gold:   17         SH:  0    Dex: 13    Spells: 9/10 levels left

rFire    . . .     SeeInvis .   (no weapon)
rCold    . . .     Gourm    .   (no shield)
rNeg     . . .     Faith    .   a - +0 robe
rPois    .         Spirit   .   b - +0 hat
rElec    .         Reflect  .   (no cloak)
rCorr    .         Harm     .   (no gloves)
MR       .....                  (no boots)
Stlth    +.........             (no amulet)
HPRegen  0.03/turn              i - ring of attention (curse)
MPRegen  0.11/turn              (no ring)

@: no status effects
A: no striking features
a: no special abilities


You were on level 2 of the Dungeon.
You were not hungry.

You visited 1 branch of the dungeon, and saw 3 of its levels.

You collected 17 gold pieces.

Inventory:

Missiles
 h - 11 poisoned darts (quivered)
Armour
 a - a +0 robe (worn)
 b - a +0 hat (worn)
Jewellery
 i - a cursed ring of attention (left hand)
Wands
 j - a wand of acid (10)
Scrolls
 e - a scroll of fog {!r, unknown}
 f - a scroll of teleportation {!r, unknown}
 k - a scroll of remove curse {!r, unknown}
Potions
 c - a potion of mutation {!q, unknown}
Comestibles
 d - a ration
 g - 2 chunks of flesh


   Skills:
 - Level 2.4 Dodging
 - Level 2.4 Stealth
 - Level 5.0 Spellcasting
 - Level 1.1 Conjurations
   Level 1.1 Summonings
   Level 1.1 Translocations
 + Level 0.0 Evocations


You had 9 spell levels left.
You knew the following spells:

 Your Spells              Type           Power        Failure   Level  Hunger
a - Magic Dart            Conj           ##..         6%          1    None

Your spell library contained the following spells:

 Spells                   Type           Power        Failure   Level  Hunger
 Blink                    Tloc           N/A          10%         2    None
 Call Imp                 Summ           ##......     10%         2    None
 Slow                     Hex            #.......     16%         2    None
 Conjure Flame            Conj/Fire      #.......     24%         3    ##.....
 Mephitic Cloud           Conj/Pois/Air  #.......     26%         3    ##.....


Dungeon Overview and Level Annotations

Branches:
Dungeon (3/15)

Altars:


Message History

h - 11 poisoned darts
i - a peridot ring Oops, that ring feels deathly cold.
i - a cursed ring of attention (left hand)
There is a stone staircase leading down here.
There is a stone staircase leading down here.
You climb downwards.
Found a stone staircase leading up.
There is a stone staircase leading up here.
Found an escape hatch in the ceiling.
Found an iron wand.
There is a stone staircase leading up here.
Found 12 gold pieces.
There is an escape hatch in the ceiling here.
A goblin comes into view.
The goblin shouts!
You see here a wand of acid (10).
j - a wand of acid (10)
Casting: Magic Dart (safe; 7% risk of failure)
Confirm with . or Enter, or press ? or * to list all spells.
Aiming: Magic Dart (safe; 7% risk of failure)
Press: ? - help, Shift-Dir - straight line, f - goblin
Aim: a goblin The magic dart hits the goblin.
You kill the goblin!
Your Spellcasting skill increases to level 5!
Casting: Magic Dart (safe; 6% risk of failure)
Confirm with . or Enter, or press ? or * to list all spells.
You can't see any susceptible monsters within range! (Use Z to cast anyway.)
Found a scroll labeled NONOCIOXIX.
You now have 12 gold pieces.
k - a scroll labeled NONOCIOXIX {!r}
Found a stone staircase leading up.
Found 22 stones.
You see here 22 stones.
You see here 22 stones.
You now have 17 gold pieces (gained 5).
A black bear comes into view.
A kobold comes into view.
The kobold shouts!
The kobold hits you. The kobold hits you.
There is a stone staircase leading up here.
The kobold barely misses you.
You climb upwards.
There is a stone staircase leading down here.
Casting: Magic Dart (safe; 6% risk of failure)
Confirm with . or Enter, or press ? or * to list all spells.
Aiming: Magic Dart (safe; 6% risk of failure)
Press: ? - help, Shift-Dir - straight line, f - kobold
Aim: a kobold The magic dart hits the kobold.
The kobold is heavily wounded.
The kobold hits you.
* * * LOW HITPOINT WARNING * * *
Casting: Magic Dart (safe; 6% risk of failure)
Confirm with . or Enter, or press ? or * to list all spells.
Aiming: Magic Dart (safe; 6% risk of failure)
Press: ? - help, Shift-Dir - straight line, f/p - kobold
Aim: a kobold (heavily wounded)
The magic dart hits the kobold.
The kobold is severely wounded.
The kobold hits you.
You die...

##.PP♣P.####.♣.......
##..P♣....##..#.[.....
#P..♣♣♣P♣P.#.#♣.......
#.♣.♣ ♣♣.♣............
#PP♣♣ ♣♣P.....♣.......
#..♣♣ ♣P...##.#.......
#PP.♣♣♣.♣.##..♣#♣#♣#♣#
###...♣♣..........##
......♣P...##...@..#
#####....#####.K...#
#...######.#...######
##..................###
##.######....÷...♣...#
#.# ##.#÷#.....#.# #.#
#......P♣P..# #.#
#......P♣P..# #.#
##......♣ .P#


You could see a kobold.

Vanquished Creatures
  3 bats (D:2)
  A goblin (D:3)
  A hobgoblin (D:2)
5 creatures vanquished.

Notes
Turn   | Place    | Note
-------+----------+-------------------------------------------
     0 | D:1      | Amnesiac the Deep Elf Wizard began the quest for the Orb.
     0 | D:1      | Reached XP level 1. HP: 10/10 MP: 7/7
    43 | D:1      | You fall into a shaft and drop 1 floor!
   179 | D:3      | Reached skill level 5 in Spellcasting
   256 | D:3      | Noticed a black bear
   295 | D:2      | Slain by a kobold

Levels and vault maps discovered:
D:1:      sevenhm_arrival_forest_fort_large_2, layout_rooms
D:2:      layout_loops_ring, grunt_gozag_breadcrumbs, serial_forest,
          infiniplex_forest_clump_diagonal, infiniplex_forest_lined_room_3,
          infiniplex_forest_end_3, infiniplex_forest_clump_large,
          infiniplex_forest_straight_1, infiniplex_forest_lined_room_3,
          infiniplex_forest_clump_large, infiniplex_forest_clump_long,
          evilmike_ruin_ashenzari, uniq_terence
D:3:      layout_loops_cross, minmay_misc_feat_secret_circle, uniq_jessica

Skill      XL: |  1 |
---------------+----+-----
Spellcasting   | 5 |  5.0
Dodging        | |  2.4
Stealth        | |  2.4
Conjurations   | |  1.1
Summonings     | |  1.1
Translocations | |  1.1

Action                   || total
-------------------------++-------
 Cast: Magic Dart        ||    11
Dodge: Dodged            ||     1

Table legend:
 A = Non-vault XP
 B = Vault XP
 C = Vault XP percentage of total XP
 D = Non-vault monster count
 E = Vault monster count
 F = Vault count percentage of total count
                 A         B        C        D         E       F
            +---------+---------+-------+---------+---------+-------
      Total |       9 |       0 |   0.0 |       5 |       0 |   0.0
            +---------+---------+-------+---------+---------+-------
        D:2 |       7 |       0 |   0.0 |       4 |       0 |   0.0
        D:3 |       2 |       0 |   0.0 |       1 |       0 |   0.0
            +---------+---------+-------+---------+---------+-------
